 Dungeon Crawl Stone Soup version 0.30.0-30-g96aa6591b8 (webtiles) character file.

Game seed: 727521037208624226

37647 DemonSlayer the Thaumaturge (level 13, -4/90 HPs)
             Began as a Demonspawn Earth Elementalist on June 28, 2023.
             Was a High Priest of Dithmenos.
             Slain by a sixfirhy (10 damage)
             ... summoned by a kobold demonologist
             ... on level 14 of the Dungeon.
             The game lasted 00:37:55 (16024 turns).

DemonSlayer the Thaumaturge (DsEE)                 Turns: 16024, Time: 00:37:56

Health: -4/90      AC: 15    Str:  7 (8)  XL:     13   Next: 59%
Magic:  9/29       EV: 18    Int: 21 (23) God:    Dithmenos [*****.]
Gold:   848        SH:  0    Dex: 13      Spells: 6/37 levels left

rFire   + . .        s - +4 dagger (heavy)
rCold   . . .        (no shield)
rNeg    + . .        u - +3 leather armour {rF+}
rPois   +            q - +1 helmet
rElec   .            w - +0 cloak
rCorr   .            n - +1 pair of gloves
SInv    .            a - +0 pair of boots
Will    .....        H - amulet of the Lachrymose God {RegenMP Fly rN+}
Stlth   +++++        C - +5 ring of evasion
HPRegen 0.35/turn    N - ring of poison resistance
MPRegen 0.61/turn

%: no passive effects
@: flying, wreathed by umbra
A: rugged brown scales 2, demonic guardian 1, ignite blood 1
a: Renounce Religion, Shadow Step, Shadow Form


You were on level 14 of the Dungeon.
You worshipped Dithmenos.
Dithmenos was extremely pleased with you.
You visited 3 branches of the dungeon, and saw 17 of its levels.

You collected 848 gold pieces.

Inventory:

Hand Weapons
 s - a +4 heavy dagger (weapon)
 B - a +2 dagger of speed
Missiles
 t - 2 throwing nets
 J - 6 silver javelins
Armour
 a - a +0 pair of boots (worn)
 n - a +1 pair of gloves (worn)
 q - a +1 helmet (worn)
 u - a +3 leather armour of fire resistance (worn)
 w - a +0 cloak (worn)
Jewellery
 i - an amulet of magic regeneration
 k - a ring of flight
 l - a ring of resist corrosion
 C - a +5 ring of evasion (left hand)
 H - the amulet of the Lachrymose God (around neck) {RegenMP Fly rN+}
   (You found it on level 12 of the Dungeon)

   [amulet of magic regeneration]

   It increases your rate of magic regeneration.
   rN:        It protects you from negative energy.
   Fly:       It grants you flight.
 N - a ring of poison resistance (right hand)
Wands
 r - a wand of flame (33)
 v - a wand of iceblast (2)
 I - a wand of polymorph (10)
 K - a wand of digging (11)
 M - a wand of charming (17)
Scrolls
 c - a scroll of blinking
 e - 4 scrolls of enchant armour
 y - 3 scrolls of poison
 z - 2 scrolls of vulnerability
 E - 5 scrolls of teleportation
 F - a scroll of silence
Potions
 b - a potion of berserk rage {unknown}
 d - 4 potions of curing
 f - 4 potions of attraction
 g - 5 potions of lignification
 h - a potion of resistance {unknown}
 j - 5 potions of flight
 o - 2 potions of haste
 x - 2 potions of cancellation {unknown}
 D - 2 potions of brilliance {unknown}
 G - a potion of mutation {unknown}
Miscellaneous
 P - a phantom mirror


   Skills:
 + Level 3.3 Fighting
 + Level 2.5 Short Blades
 + Level 0.3 Throwing
 + Level 4.0 Armour
 + Level 5.3 Dodging
 + Level 5.8 Stealth
 + Level 1.0 Unarmed Combat
 + Level 12.5 Spellcasting
 + Level 10.6 Conjurations
 + Level 1.2 Transmutations
 + Level 12.0 Earth Magic
 + Level 2.6 Evocations


You had 6 spell levels left.
You knew the following spells:

 Your Spells              Type           Power      Damage    Failure   Level
b - Passwall              Tmut/Erth      34%        N/A       1%          2
c - Stone Arrow           Conj/Erth      100%       3d13      1%          3
d - Petrify               Tmut/Erth      41%        N/A       4%          4
e - Fulminant Prism       Conj/Hex       17%        3d10      9%          4
f - Iskenderun's Mystic   Conj/Tloc      35%        2d8       9%          4
g - Lee's Rapid Deconstr  Erth           29%        3d15*     1%          5
h - Mephitic Cloud        Conj/Pois/Air  28%        N/A       4%          3
i - Animate Armour        Summ/Erth      76%        N/A       6%          4
j - Blink                 Tloc           26%        N/A       11%         2

Your spell library contained the following spells:

 Spells                   Type           Power      Damage    Failure   Level
 Magic Dart               Conj           100%       1d8       1%          1
 Sandblast                Erth           100%       2d20      1%          1
 Beastly Appendage        Tmut           36%        N/A       4%          1
 Wereblood                Tmut           18%        N/A       7%          2
 Freeze                   Ice            52%        1d6       8%          1
 Call Imp                 Summ           26%        N/A       11%         2
 Cigotuvi's Dreadful Rot  Necr/Pois/Air  26%        N/A       11%         2
 Ensorcelled Hibernation  Hex/Ice        26%        N/A       11%         2
 Sublimation of Blood     Necr           13%        N/A       11%         2
 Spider Form              Tmut/Pois      15%        N/A       17%         3
 Frozen Ramparts          Ice            26%        1d4       22%         3
 Gell's Gravitas          Tloc           13%        N/A       22%         3
 Teleport Other           Tloc           13%        N/A       22%         3
 Volatile Blastmotes      Fire/Tloc      26%        2d12      22%         3
 Ice Form                 Ice/Tmut       15%        N/A       50%         4
 Anguish                  Hex/Necr       6%         N/A       58%         4
 Summon Ice Beast         Ice/Summ       13%        N/A       58%         4
 Dispersal                Tloc           6%         N/A       100%        6
 Simulacrum               Ice/Necr       6%         N/A       100%        6
 Lehudib's Crystal Spear  Conj/Erth      28%        10d8      99%         8
 Ozocubu's Refrigeration  Ice            6%         4d8       100%        7
 Chain Lightning          Conj/Air       17%        3d23      100%        9
 Fire Storm               Conj/Fire      17%        8d5       100%        9
 Polar Vortex             Ice            6%         N/A       100%        9
 Shatter                  Erth           29%        3d24*     100%        9


Dungeon Overview and Level Annotations

Branches:
Dungeon (14/15)            Temple (1/1) D:7            Lair (2/5) D:9
    Orc (0/2) D:11
  Swamp: Lair:2-3    Shoals: Lair:2-3     Snake: Lair:2-3    Spider: Lair:2-3
 Vaults: D:13-14

Altars:
Ashenzari
Cheibriados
Dithmenos
Fedhas
Gozag
Hepliaklqana
Kikubaaqudgha
Makhleb
Qazlal
Ru
Sif Muna
Trog
Uskayaw
Vehumet
Xom
Yredelemnul

Annotations:
Lair:1 3 runed translucent doors, croobank's ghost, journeyman OpFE


Innate Abilities, Weirdness & Mutations

You are mostly covered in rugged brown scales. (AC +2, +5% HP)
A weak demonic guardian rushes to your aid.
Your demonic aura sometimes causes spilled blood to erupt in flames.


Message History

Your shadow mimicks your spell!
The shadow shard hits the sixfirhy!
The sixfirhy misses you.
The stone arrow hits the sixfirhy!
The sixfirhy is heavily wounded.
The sixfirhy hits you. The sixfirhy shocks you!
The sixfirhy closely misses you.
The sixfirhy hits you but does no damage.
The sixfirhy closely misses you.
You don't have enough magic to cast this spell.
You don't have enough magic to cast this spell.
You don't have enough magic to cast this spell.
You don't have enough magic to cast this spell.
The sixfirhy hits you. The sixfirhy shocks you!
The sixfirhy hits you but does no damage.
The sixfirhy barely misses you. The sixfirhy closely misses you.
The sixfirhy attacks as you move away! The sixfirhy hits you.
The sixfirhy shocks you! The sixfirhy closely misses you.
The sixfirhy hits you but does no damage.
The kobold demonologist mumbles some strange words.
There is an open door, spattered with blood here.
The sixfirhy attacks as you move away! The sixfirhy misses you.
The sixfirhy hits you but does no damage. x2
The sixfirhy disappears in a puff of smoke!
The sixfirhy closely misses you.
The sixfirhy hits you but does no damage.
The sixfirhy attacks as you move away!
The sixfirhy hits you but does no damage.
The sixfirhy closely misses you. x2
The kobold demonologist casts a spell.
You see here a manticore corpse.
There is an open door here.
The sixfirhy hits you!
* * * LOW HITPOINT WARNING * * *
The sixfirhy shocks you!
* * * LOW HITPOINT WARNING * * *
A demonic guardian appears!
The sixfirhy hits you!
* * * LOW HITPOINT WARNING * * *
The sixfirhy shocks you!
You die...

..#####......#
.>#...#†.....#
..#...'......#
..#...#†..)###
.<#...#....#
..#####()..#
...........#
...........########
..............5.@.#
...........######3#
..###############'###
..#8,,,,,,.......†.8#
..#,,,,,,,..........#
..#,,,,,,,..........#
..#,,,,,,,.......K..#
..#,,,,,,,.......3†8#
..#,,,,,#########'###


You could see a soul eater (summoned), a kobold demonologist, a sixfirhy
(summoned, ally target) and a friendly ufetubus (summoned).

Vanquished Creatures
  A catoblepas (D:14)
  2 hydras
  2 centaur warriors
  A tengu warrior (D:13)
  A death yak (D:9)
  2 two-headed ogres
  4 skeletal warriors
  Amaemon (D:10)
  Pikel (D:5)
  2 deep elf pyromancers (D:13)
  3 manticores
  A wolf spider zombie (D:13)
  3 ugly things
  4 centaur zombies (D:13)
  4 cyclopes
  A black mamba (Lair:2)
  An orange demon (D:10)
  3 cane toads
  3 gargoyles
  2 kobold demonologists
  4 komodo dragons
  An efreet (D:14)
  An unseen horror (D:12)
  2 tengu conjurers
  A rime drake (D:9)
  A meliai (shapeshifter) (D:13)
  7 trolls
  A polar bear (D:12)
  7 blink frogs
  A hornet (D:10)
  2 vampires
  10 slime creatures
  5 centaur simulacra (D:12)
  3 shadows
  8 wraiths
  4 yaks
  2 basilisks
  Eustachio (D:5)
  10 vampire mosquitoes
  A two-headed ogre zombie (D:11)
  An acid dragon (D:12)
  4 water moccasins
  2 orc warriors
  A black bear (D:5)
  A meliai simulacrum (D:12)
  11 ice beasts
  2 sky beasts (D:6)
  A boggart (D:10)
  4 wolves
  2 ogres
  19 centaurs
  A phantom (D:11)
  2 bullfrogs (D:8)
  A kobold brigand (D:6)
  2 gnoll sergeants
  3 scorpions (D:6)
  5 wights (D:8)
  A troll zombie (D:11)
  10 killer bees
  5 howler monkeys
  2 electric eels (D:12)
  2 jellies
  11 orc priests
  3 hounds
  2 sleepcaps
  Ijyb (D:3)
  A boggart zombie (D:13)
  7 iguanas
  16 orc wizards
  6 ogre zombies (D:11)
  6 adders
  9 gnolls
  2 shadow imps
  5 white imps
  2 ufetubi
  A worm (D:3)
  6 dart slugs
  58 orcs
  11 endoplasms
  6 giant cockroaches
  18 goblins
  4 hobgoblins
  3 jackals (D:3)
  6 quokkas
  8 ball pythons
  4 bats
  7 frilled lizards
  A goblin skeleton (D:11)
  A goblin zombie (D:11)
  2 hobgoblin skeletons (D:11)
  12 kobolds
  8 orc skeletons (D:11)
  13 orc zombies (D:11)
  3 rats
  A fulminant prism (D:13)
440 creatures vanquished.

Vanquished Creatures (collateral kills)
  A slime creature (D:14)
  A yak (D:11)
2 creatures vanquished.

Vanquished Creatures (others)
  A shadow (D:11)
  2 fulminant prisms (D:13)
3 creatures vanquished.

Grand Total: 445 creatures vanquished

Notes
Turn   | Place    | Note
-------+----------+-------------------------------------------
     0 | D:1      | DemonSlayer the Demonspawn Earth Elementalist began the
                  | quest for the Orb.
     0 | D:1      | Reached XP level 1. HP: 13/13 MP: 3/3
   217 | D:1      | Gained mutation: Your demonic aura sometimes causes spilled
                  | blood to erupt in flames. [demonic ancestry]
   217 | D:1      | Reached XP level 2. HP: 19/19 MP: 3/5
   773 | D:1      | Reached XP level 3. HP: 22/24 MP: 6/6
   843 | D:1      | Learned a level 2 spell: Passwall
   847 | D:1      | Learned a level 3 spell: Stone Arrow
   989 | D:2      | Reached XP level 4. HP: 23/30 MP: 6/8
  1863 | D:3      | Noticed Ijyb
  1928 | D:3      | Killed Ijyb
  1929 | D:3      | Gained mutation: A weak demonic guardian rushes to your
                  | aid. [demonic ancestry]
  1929 | D:3      | Reached XP level 5. HP: 35/35 MP: 3/10
  2492 | D:4      | Reached XP level 6. HP: 34/41 MP: 10/13
  2858 | D:4      | Learned a level 4 spell: Petrify
  2900 | D:5      | Entered Level 5 of the Dungeon
  2933 | D:5      | Noticed a water moccasin
  2939 | D:5      | Killed a water moccasin
  2940 | D:5      | Reached skill level 5 in Spellcasting
  2980 | D:5      | Noticed a vampire
  2984 | D:5      | Killed a vampire
  2985 | D:5      | Reached XP level 7. HP: 46/47 MP: 3/14
  3444 | D:5      | Got Tyalixoe's Essays on the Icicle and the Morgue
  3500 | D:5      | Noticed Pikel
  3507 | D:5      | Killed Pikel
  3508 | D:5      | Reached skill level 1 in Short Blades
  3508 | D:5      | Reached skill level 1 in Armour
  3508 | D:5      | Reached skill level 1 in Conjurations
  3508 | D:5      | Reached skill level 5 in Earth Magic
  3559 | D:5      | Reached XP level 8. HP: 51/53 MP: 13/17
  3566 | D:5      | Reached skill level 1 in Fighting
  3659 | D:5      | Noticed Eustachio
  3667 | D:5      | Killed Eustachio
  3701 | D:5      | Found a bloodstained altar of Trog.
  4294 | D:5      | Learned a level 4 spell: Fulminant Prism
  4299 | D:5      | Learned a level 4 spell: Iskenderun's Mystic Blast
  4565 | D:6      | Gained mutation: You are partially covered in rugged brown
                  | scales. (AC +1, +3% HP) [demonic ancestry]
  4565 | D:6      | Reached XP level 9. HP: 54/60 MP: 10/19
  5306 | D:6      | Found a burning altar of Makhleb.
  5716 | D:7      | Found an opulent altar of Gozag.
  5961 | D:7      | Found a staircase to the Ecumenical Temple.
  5975 | Temple   | Entered the Ecumenical Temple
  6011 | Temple   | Became a worshipper of Dithmenos the Shadowed
  6084 | D:7      | Reached skill level 1 in Evocations
  6214 | D:7      | Found a stormy altar of Qazlal.
  6216 | D:7      | Found a blossoming altar of Fedhas.
  6218 | D:7      | Found a shimmering altar of Xom.
  6218 | D:7      | Found a sacrificial altar of Ru.
  6568 | D:8      | Found a broken altar of Ashenzari.
  6682 | D:8      | Reached * piety under Dithmenos
  7283 | D:8      | Learned a level 5 spell: Lee's Rapid Deconstruction
  7332 | D:9      | Noticed a rime drake
  7347 | D:8      | Reached XP level 10. HP: 32/69 MP: 2/22
  7486 | D:9      | Found a staircase to the Lair.
  7722 | D:9      | Reached skill level 5 in Conjurations
  7824 | D:9      | Noticed a two-headed ogre
  7858 | D:9      | Killed a two-headed ogre
  7859 | D:9      | Reached skill level 1 in Transmutations
  8167 | D:9      | Found an ancient bone altar of Kikubaaqudgha.
  8255 | D:9      | Learned a level 3 spell: Mephitic Cloud
  8288 | Lair:1   | Entered Level 1 of the Lair of Beasts
  8288 | Lair:1   | Noticed a cane toad
  8292 | Lair:1   | Killed a cane toad
  8530 | Lair:1   | Found a runed translucent gate.
  8531 | Lair:1   | Found a runed translucent gate.
  8532 | Lair:1   | Found a runed translucent gate.
  8535 | Lair:1   | Noticed a great orb of eyes
  8535 | Lair:1   | Noticed croobank's ghost (journeyman OpFE)
  8603 | Lair:1   | Reached skill level 5 in Stealth
  8703 | Lair:1   | Noticed a death yak
  8703 | Lair:1   | Noticed a death yak
  8705 | Lair:1   | Noticed a death yak
  8707 | Lair:1   | Noticed a death yak
  8743 | Lair:2   | Noticed a cane toad
  8746 | Lair:2   | Noticed a black mamba
  8748 | Lair:2   | Killed a cane toad
  8749 | Lair:2   | Reached XP level 11. HP: 56/74 MP: 18/24
  8750 | Lair:2   | Reached ** piety under Dithmenos
  9401 | D:9      | Killed a death yak
  9604 | D:10     | Entered Level 10 of the Dungeon
  9723 | D:10     | Noticed a red ugly thing
  9727 | D:10     | Killed a red ugly thing
  9814 | D:10     | Reached skill level 10 in Spellcasting
  9820 | D:10     | Noticed Amaemon
  9834 | D:10     | Killed Amaemon
 10023 | D:10     | Noticed an eight-headed hydra
 10032 | D:10     | Killed an eight-headed hydra
 10544 | D:10     | Learned a level 4 spell: Animate Armour
 10599 | D:11     | Reached skill level 1 in Unarmed Combat
 10599 | D:11     | Reached skill level 10 in Earth Magic
 10609 | D:11     | Reached *** piety under Dithmenos
 10805 | D:11     | Found a staircase to the Orcish Mines.
 11067 | D:11     | Reached **** piety under Dithmenos
 11128 | D:11     | Got Quotidian Wizarding
 11228 | D:11     | Reached XP level 12. HP: 73/82 MP: 1/26
 11529 | D:11     | Noticed a two-headed ogre
 11532 | D:11     | Killed a two-headed ogre
 11935 | D:11     | Learned a level 2 spell: Blink
 12474 | D:12     | Reached ***** piety under Dithmenos
 13100 | D:12     | Identified the amulet of the Lachrymose God {RegenMP Fly
                  | rN+}
 13510 | D:13     | Noticed a six-headed hydra
 13813 | D:13     | Killed a six-headed hydra
 14128 | D:13     | Gained mutation: You are mostly covered in rugged brown
                  | scales. (AC +2, +5% HP) [demonic ancestry]
 14128 | D:13     | Reached XP level 13. HP: 74/89 MP: 19/28
 14391 | D:13     | Reached skill level 5 in Dodging
 14538 | D:13     | Reached skill level 10 in Conjurations
 16024 | D:14     | Slain by a sixfirhy

Illustrated notes

Levels and vault maps discovered:
D:1:      pf_arrival_petrified_forest, layout_basic, minmay_misc_feat_tiny
D:2:      layout_basic, minmay_tiny_reverse_x
D:3:      kennysheep_goblin_castle, layout_basic
D:4:      minmay_inner_zag, layout_loops_ring, grunt_decor_resistance,
          serial_bayou_pond_d
D:5:      layout_loops_ring, trog_butcher_becter, uniq_pikel, uniq_eustachio
D:6:      layout_layer_cave, lemuel_coloured_pillars_altar
D:7:      layout_basic, grunt_gozag_breadcrumbs, mainiacjoe_overflow_alcove_3,
          temple_statues
D:8:      corexii_shack_village, layout_loops_cross, ashenzari_altar_1
D:9:      layout_long_grid, mainiacjoe_overflow_alcove_4,
          hellmonk_lair_entry_icy
D:10:     minmay_diamond_stairs, layout_basic, uniq_amaemon
D:11:     layout_loops_cross, zombieorc2_lemuel
D:12:     minmay_octagon_keep, layout_loops_cross, serial_ice, serial_ice_j,
          serial_ice_d, serial_ice_a, serial_ice_f, serial_ice_m, serial_ice_o,
          serial_ice_n, serial_ice_c, serial_ice_b, serial_ice_e
D:13:     layout_basic, serial_undead, serial_undead_f, serial_undead_a,
          serial_undead_b, serial_undead_b, serial_undead_e
D:14:     minmay_box_of_statues, layout_irregular_city,
          skrybe_vaults_entry_preservation, serial_park_square1
          [serial_park_minivault_5x5_5]
Temple:   nicolae_temple_god_jail
Lair:1:   layout_cave_pods, gammafunk_ghost_ooze, minmay_lair_oklob_items
Lair:2:   minmay_guarded_unrand_snakebite, layout_gridlike,
          skrybe_swamp_entry_bodies, minmay_snake_entry_guardpost_large,
          uniq_maggie, uniq_erica

Skill      XL: |  1  2  3  4  5  6  7  8  9 10 11 12 13 |
---------------+----------------------------------------+-----
Earth Magic    | 3 4 5 6 8 9 10 11 12 | 12.0
Stealth        | 2 3 4 5 |  5.8
Spellcasting   | 3 4 5 6 7 8 9 10 11 12 | 12.5
Dodging        | 2 3 4 5 |  5.3
Short Blades   | 1 2 |  2.5
Armour         | 1 2 3 4 |  4.0
Conjurations   | 1 2 4 6 7 9 10 | 10.6
Fighting       | 1 2 3 |  3.3
Evocations     | 1 2 |  2.6
Transmutations | 1 |  1.2
Unarmed Combat | 1 |  1.0
Throwing       | |  0.3

Action                     |  1- 3 |  4- 6 |  7- 9 | 10-12 | 13-15 || total
---------------------------+-------+-------+-------+-------+-------++-------
  Melee: Dagger            |    11 |    14 |    47 |   115 |    21 ||   208
         Unarmed           |       |       |       |    14 |       ||    14
         Punch             |       |       |       |     2 |       ||     2
  Throw: Dart              |       |       |       |     2 |       ||     2
   Cast: Sandblast         |    49 |    88 |    22 |     5 |       ||   164
         Stone Arrow       |       |     8 |   137 |   327 |   115 ||   587
         Petrify           |       |       |       |     2 |       ||     2
         Lee's Rapid Decon |       |       |       |     4 |     3 ||     7
         Fulminant Prism   |       |       |       |       |     3 ||     3
  Evoke: Wand              |       |     3 |     4 |    16 |       ||    23
    Use: Scroll            |       |       |     7 |    14 |     8 ||    29
         Potion            |       |       |     1 |     6 |     4 ||    11
   Stab: Sleeping          |     1 |     3 |     6 |     4 |     1 ||    15
         Distracted        |       |     1 |       |       |       ||     1
 Armour: Robe              |     6 |     7 |       |       |       ||    13
         Leather armour    |       |    15 |    48 |    88 |    71 ||   222
  Dodge: Dodged            |    22 |    48 |    63 |   277 |   153 ||   563
